AoeStats
← fermaho12

Arabia

509816775Analyzed
1v1 RM · 4d ago on Sep 28, 2026· 30m 7s· 2 players
Game mode
Random Map
Map size
Tiny (2 player)
Population
200
Speed
Normal
Resources
Standard
Victory
Conquest
Starting age
Dark Age
Ending age
Imperial Age
RankedLock teamsTeams togetherTeam positionsShared explorationLock speedFull tech treeHidden civsTurbo modeCheats
Victory
Defeat
🇺🇸 Huns · United States
1106
+17
🇧🇴 Inca · Bolivia
1124
-17
JackalSwitch
6:58 Loom
9:35 Feudal Age
10:11 Horse Collar
10:02 Man-at-Arms
16:50 Fletching
20:07 Wheelbarrow
20:14 Padded Archer Armor
20:35 Double-Bit Axe
23:26 Castle Age
23:23 Scale Barding Armor
23:29 Forging
23:14 Gold Mining
23:41 Crossbowman
24:45 Chain Barding Armor
24:39 Bloodlines
29:01 Heavy Plow
fermaho12
8:18 Loom
11:01 Feudal Age
18:56 Fletching
21:04 Padded Archer Armor
27:01 Castle Age
25:36 Double-Bit Axe
26:33 Horse Collar
26:48 Gold Mining
27:23 Pikeman
28:04 Squires
27:36 Elite Skirmisher
27:53 Champi Runner
Connection lost

Rejoining the realm…

Still unreachable

The connection could not be restored.

Session expired

The server has moved on; the page needs a fresh start.